 Dungeon Crawl Stone Soup version 0.26.1-11-gd32895ea62 (webtiles) character file.

Game seed: 8137944211025004441

57 Descartes the Ducker (level 3, 0/15 HPs)
             Began as a Felid Transmuter on July 20, 2021.
             Slain by Natasha (6 damage)
             ... on level 2 of the Dungeon.
             The game lasted 00:04:05 (2652 turns).

Descartes the Ducker (Felid Transmuter)             Turns: 2652, Time: 00:04:06

Health: 0/15       AC:  1    Str:  7    XL:     3   Next: 73%
Magic:  7/7        EV: 19    Int: 14    God:
Gold:   89         SH:  0    Dex: 16    Spells: 5/6 levels left
                                        Lives:  0   Deaths: 0

rFire    . . .     SeeInvis +     - Unarmed
rCold    . . .     Faith    .   (shield unavailable)
rNeg     . . .     Spirit   .   (armour unavailable)
rPois    .         Reflect  .   (helmet unavailable)
rElec    .         Harm     .   (cloak unavailable)
rCorr    .         Rampage  .   (gloves unavailable)
Will     .....                  (boots unavailable)
Stlth    +++.......             (no amulet)
HPRegen  0.05/turn              (no ring)
MPRegen  0.10/turn              (no ring)

@: slowed, slow
A: very small, no armour, no weapons or thrown items, stealth, claws 1, fangs 3,
see invisible, speed 1, shaggy fur 1, sharp paws
a: no special abilities


You were on level 2 of the Dungeon.
You visited 1 branch of the dungeon, and saw 2 of its levels.

You collected 89 gold pieces.

Inventory:

Missiles
 a - 36 stones
Jewellery
 d - a cursed ring of teleportation {unknown}
Scrolls
 b - a scroll of magic mapping {unknown}
 c - a scroll of amnesia {unknown}
 g - a scroll of fear {unknown}
Potions
 e - a potion of invisibility {unknown}
 f - 2 potions of haste {unknown}


   Skills:
 - Level 1.0 Fighting
 + Level 3.6 Dodging
 + Level 2.2 Stealth
 + Level 3.5 Unarmed Combat
 - Level 2.0 Spellcasting
 + Level 2.9 Transmutations


You had 5 spell levels left.
You knew the following spells:

 Your Spells              Type           Power        Failure   Level
a - Beastly Appendage     Tmut           18%          7%          1

Your spell library contained the following spells:

 Spells                   Type           Power        Failure   Level
 Wereblood                Tmut           9%           11%         2
 Spider Form              Tmut/Pois      2%           36%         3
 Ice Form                 Ice/Tmut       5%           78%         4
 Blade Hands              Tmut           4%           89%         5


Dungeon Overview and Level Annotations

Branches:
Dungeon (2/15)

Altars:

Annotations:
D:2 Natasha


Innate Abilities, Weirdness & Mutations

You cannot wear armour.
You are incapable of wielding weapons or throwing items.
Your paws allow you to move quietly. (Stealth)
You have sharp claws.
You have razor-sharp teeth.
You have supernaturally acute eyesight. (SInv)
You cover ground quickly.
You are covered in fur. (AC +1)
Your sharp claws are effective at attacking unaware monsters.


Message History

Natasha is lightly wounded.
Natasha misses you. Natasha barely misses you.
You scratch Natasha. You headbutt Natasha, but do no damage.
Your bite misses Natasha.
Natasha is moderately wounded.
Natasha closely misses you.
You barely miss Natasha.
Natasha is moderately wounded.
Natasha completely misses you. Natasha barely misses you.
You closely miss Natasha. You headbutt Natasha.
Natasha is moderately wounded.
Natasha claws you.
You scratch Natasha.
Natasha is heavily wounded.
Your horns disappear.
Natasha misses you.
You scratch Natasha but do no damage.
Natasha is heavily wounded.
Natasha claws you.
You die...

#.####.....#.###.#
##..#
#............# #.#
#...)
####.##....### #.#
#...#
...>......#.# #.#
#...#
####.##.##.## #.#
...... ##.#.#.##
#.# ### ..# #...##
#.# ##. .# ##.##
#.# ##....< #.#
#@# #..#### #.#
#h# #..# #.# #.#
#..# #.### #.#
#..# #...# #.#
#.###..#### ###.#
#.# #..........
#.# #.#
#####..#### #.#
#.# ####..# #.#
#.....#


You could see Natasha.

Vanquished Creatures
  An adder (D:2)
  3 worms
  2 leopard geckos
  An orc (D:2)
  3 giant cockroaches
  4 goblins
  4 hobgoblins
  4 kobolds
  7 bats
  3 frilled lizards (D:2)
  5 rats
37 creatures vanquished.

Notes
Turn   | Place    | Note
-------+----------+-------------------------------------------
     0 | D:1      | Descartes the Felid Transmuter began the quest for the Orb.
     0 | D:1      | Reached XP level 1. HP: 9/9 MP: 4/4
   619 | D:1      | Reached skill level 1 in Stealth
   708 | D:1      | Reached XP level 2. HP: 11/12 MP: 4/6
  1995 | D:2      | Reached XP level 3. HP: 15/15 MP: 3/7
  2641 | D:2      | Noticed Natasha
  2652 | D:2      | Slain by Natasha

Illustrated notes

Levels and vault maps discovered:
D:1:      heliophobic_arrival_battle_scene, layout_loops_ring,
          serial_co_window_serial, co_window_of_opportunity_a,
          co_window_of_opportunity_a, co_window_paths_a, co_window_paths_b,
          co_window_paths_a, co_window_corner_cb, co_window_unsneaky_path_e,
          co_window_cross_3, co_window_broadway_a, co_window_paths_c,
          co_window_cross_2, glass_columns_a, glass_columns_b, glass_columns_b,
          glass_columns_a, kennysheep_another_room,
          chequers_hall_statues_corner_a, serial_bayou_pond_e
D:2:      layout_loops_ring, uniq_sigmund, uniq_natasha

Skill      XL: |  1  2  3 |
---------------+----------+-----
Stealth        | 1 2 |  2.2
Dodging        | 3 |  3.6
Fighting       | |  1.0
Unarmed Combat | |  3.5
Spellcasting   | |  2.0
Transmutations | |  2.9

Action                   || total
-------------------------++-------
Melee: Unarmed           ||   129
       Bite              ||    10
       Headbutt          ||    19
       Punch             ||     1
 Cast: Beastly Appendage ||    36
 Stab: Sleeping          ||     5
Armor: Skin              ||    10
Dodge: Dodged            ||   108
